nella, chaotic female orcish Wizard --- --.----- |....... |...---- ---.--- ..-----------------...| --- .....%.<............-----.| ........).....)..)..-- |..-- ------- ---..------------...|---@.---.--..| |...--.----..---..|.|.M..|%.....-- |...^.................(f.%%|....)| -.........--.............----....| ......--..||...--........| ---..| .....||..|--..|--.......- ---..-- ...---..- ---- ----..... |.....-- .. .. |..... |......| --.--.-- ------ nella the Thaumaturge Experience level: 7 Strength: 13 Dexterity: 14 Constitution: 15 Intelligence: 16 Wisdom: 9 Charisma: 9 Health: 0(56) Energy: 16(32) Def: 1 Gold: 38 Moves: 2336 Dungeon seed: _eS5mK6XIzUqVg6h Game ID: nella_1589139581 Your Inventory: Coins $ - 38 gold pieces Weapons a - a blessed +1 quarterstaff (weapon in hands) A - an uncursed +0 dagger (in quiver) Armor e - a blessed +0 cloak of magic resistance (being worn) y - an uncursed +0 studded leather armor Comestibles i - 3 uncursed food rations j - 3 uncursed tripe rations E - 2 uncursed melons U - an uncursed partly eaten food ration W - an uncursed tin of female mountain nymph meat Scrolls B - an uncursed scroll of amnesia H - an uncursed scroll of remove curse O - an uncursed scroll of teleportation P - a blessed scroll of destroy armor X - an uncursed scroll of fire Rings Q - an uncursed ring of polymorph control Wands b - an uncursed wand of striking (0:2) I - an uncursed wand of make invisible (0:0) L - an uncursed wand of undead turning (0:7) T - a cursed wand of undead turning (0:6) Tools h - an uncursed blindfold k - an uncursed magic whistle l - a cursed wax candle (0:400) m - a blessed oil lamp (lit) (0:294) s - 9 uncursed tallow candles (0:200) t - an uncursed +0 pick-axe u - 15 uncursed wax candles (0:400) K - an uncursed skeleton key R - an uncursed blindfold Gems n - an uncursed worthless piece of black glass q - an uncursed luckstone r - 5 uncursed worthless pieces of yellow glass z - an uncursed worthless piece of blue glass C - an uncursed worthless piece of red glass N - 3 uncursed worthless pieces of green glass V - an uncursed black opal Y - 2 uncursed flint stones Spells and supernatural/magical abilities: Name Level Category Cost Memory a - force bolt 1 attack 5pw 97% k - knock 1 matter 5pw 97% m - magic missile 2 attack 10pw 97% H - speed monster 3 escape 62pw 97% W - pray for help -- divine ? -- Your skills at the end: Fighting Skills wands [Basic] Weapon Skills quarterstaff [Basic] Spellcasting Skills attack spells [Skilled] enchantment spells [Basic] Final Attributes: You had sinned. You were immune to poison. You were magic resistant. You had infravision. You were lucky. You had extra luck. Bad luck did not time out for you. Good luck did not time out for you. Anhur was noncommittal. You are dead. Vanquished creatures: a tengu a leprechaun a black light a gnome king a dwarf lord a gray unicorn 3 apes a mountain nymph a rock mole a yellow light a shrieker a violet fungus 13 gnome lords 2 gnomish wizards a little dog 13 dwarves 6 monkeys 2 dwarf zombies a werejackal a hobbit 2 manes a giant rat a yellow mold 2 red molds 45 gnomes 4 gnome zombies a gecko 6 jackals a kobold 2 grid bugs 3 kobold zombies a newt 122 creatures vanquished. Voluntary challenges: You followed a strict vegan diet. You had been an atheist until turn 2336. You used a wielded weapon 69 times, starting on turn 233. You read items or engraved 15 times, starting on turn 108. You never genocided any monsters. You never polymorphed an object. You never changed form. You used no wishes. You never split a pudding. You wrote Elbereth's name 2 times, starting on turn 2315. You violated your moral code, losing 26 points of alignment, starting on turn 2316. Dungeon overview: The Dungeons of Doom: levels 1 to 3 Level 1 a fountain a long staircase Level 2 a hardware shop, a fountain, a vault Level 3 a fountain stairs to The Gnomish Mines The Gnomish Mines: levels 4 to 10 Level 4 stairs to The Dungeons of Doom Level 5 Level 6 some shops, a temple to Ptah, some fountains Level 7 Level 8 Level 9 Level 10 <- You were here History has recorded: On T:1 you entered the Dungeons of Doom to retrieve the Amulet of Yendor! On T:225 you reached level 2 of The Dungeons of Doom. On T:450 you reached level 3 of The Dungeons of Doom. On T:500 you reached level 1 of The Gnomish Mines. On T:517 you advanced to experience level 2. On T:570 you advanced to experience level 3. On T:823 you reached level 2 of The Gnomish Mines. On T:835 you advanced to experience level 4. On T:1064 you advanced to experience level 5. On T:1084 you reached level 3 of The Gnomish Mines. On T:1605 you reached level 4 of The Gnomish Mines. On T:1632 you advanced to experience level 6. On T:1644 you reached level 5 of The Gnomish Mines. On T:1952 you reached level 6 of The Gnomish Mines. On T:2212 you reached level 7 of The Gnomish Mines. On T:2326 you advanced to experience level 7. Score breakdown: Gold: 38 ( 5412 points) Experience: 7 levels (13645 points) Exploration: 10 levels ( 20.00%) (12857 points) Discoveries: 6 items ( 2.09%) ( 4337 points) Valuables value: (no points given unless you survive) Artifact value: 0 ( 0 points) Variety of kills: 32 monsters ( 8.42%) ( 8705 points) Turncount: 2336 turns ( -230 points) Survival: died (score multiplied by 80%) Total score: 35780 Latest messages: The wand hits the ape! The ape is killed! Welcome to experience level 7. You see here a female ape corpse. You see here a male ape corpse. You displace your large cat. You see here a female ape corpse. The force bolt misses the ettin mummy. The ettin mummy hits! (2x) The force bolt hits the ettin mummy! The force bolt hits the gnome! The gnome is killed! The ettin mummy hits! (2x) You begin praying to Anhur. The ettin mummy hits! You die... Your body rises from the dead as an orc mummy... Final status: Goodbye nella the Wizard, killed by an ettin mummy, while praying... You died in The Gnomish Mines on dungeon level 10 with 35780 points, and 38 pieces of gold, after 2336 moves. You were level 7 with a maximum of 56 hit points when you died.